 Dungeon Crawl Stone Soup version 0.22-a0-469-gf26638a (webtiles) character file.

72238 4thArraOfDagon the Fencer (level 15, -2/134 HPs)
             Began as a Minotaur Monk on June 13, 2018.
             Was an Elder of Cheibriados.
             Slain by a halberd of flaming (19 damage)
             ... on level 2 of the Elven Halls.
             The game lasted 00:44:23 (6979 turns).

4thArraOfDagon the Fencer (Minotaur Monk)           Turns: 6979, Time: 00:44:24

Health: -2/134     AC:  8    Str: 29    XL:     15   Next: 0%
Magic:  17/22      EV: 30    Int: 21    God:    Cheibriados [****..]
Gold:   1488       SH:  0    Dex: 30    Spells: 16/24 levels left

rFire    . . .     SeeInvis +   H - +2 great sword (freeze)
rCold    . . .     Gourm    .   (shield currently unavailable)
rNeg     + . .     Faith    +   i - +0 troll leather armour
rPois    .         Spirit   .   (helmet restricted)
rElec    +         Reflect  .   (no cloak)
rCorr    .         Harm     .   g - +1 pair of gloves
MR       +....                  (no boots)
Stlth    ++++......             p - amulet of faith
HPRegen  1.72/turn              C - ring "Ynuy" {rElec rN+}
MPRegen  0.18/turn              M - ring "Layrche" {+Fly rElec Str+4}

@: agile, regenerating, very slow
A: retaliatory headbutt, horns 2, slimy green scales 1, see invisible, agile 1,
wild magic 1
a: Bend Time, Temporal Distortion, Slouch, Renounce Religion, Evoke Flight


You were on level 2 of the Elven Halls.
You worshipped Cheibriados.
Cheibriados was greatly pleased with you.
You were not hungry.

You visited 4 branches of the dungeon, and saw 21 of its levels.
You also visited: Ossuary and Wizlab.

You collected 1812 gold pieces.
You spent 324 gold pieces at shops.

Inventory:

Hand Weapons
 a - a +0 falchion
 f - a +0 great sword
 m - a +0 blowgun
 H - a +2 great sword of freezing (weapon)
Armour
 d - a +2 ring mail of cold resistance
 g - a +1 pair of gloves (worn)
 i - a +0 troll leather armour (worn)
 y - a +2 robe of fire resistance
 I - the +4 ring mail of a bazaar {Dex+3 Stlth+}
   (You bought it in a shop on level 2 of the Orcish Mines)

   It affects your dexterity (+3).
   It makes you more stealthy.
Magical Staves
 O - an uncursed staff of death {unknown}
Jewellery
 p - an amulet of faith (around neck)
 x - an uncursed ring of fire
 C - the ring "Ynuy" (left hand) {rElec rN+}
   (You found it on level 12 of the Dungeon)

   [ring of positive energy]

   It insulates you from electricity.
   It protects you from negative energy.
 J - an uncursed ring of resist corrosion
 L - an uncursed ring of protection from fire
 M - the ring "Layrche" (right hand) {+Fly rElec Str+4}
   (You found it in a wizard's laboratory)

   [ring of flight]

   It affects your strength (+4).
   It insulates you from electricity.
   It lets you fly.
Wands
 u - a wand of clouds (1)
 E - a wand of iceblast (7)
 G - a wand of acid (16)
 K - a wand of digging (5)
Scrolls
 b - 6 scrolls of enchant weapon {unknown}
 h - 2 scrolls of immolation
 l - 2 scrolls of enchant armour
 s - 2 scrolls of amnesia
 z - 3 scrolls of random uselessness
 B - 2 scrolls of remove curse
 D - a scroll of holy word {unknown}
 N - 5 scrolls of summoning {unknown}
Potions
 e - a potion of berserk rage {unknown}
 j - 2 potions of cancellation {unknown}
 k - a potion of might
 n - 3 potions of lignification
 o - 4 potions of heal wounds
 q - 2 potions of brilliance
 r - 3 potions of curing
 t - a potion of resistance {unknown}
 v - 4 potions of flight
 A - 15 potions of mutation
Comestibles
 c - 18 rations


   Skills:
 + Level 12.8 Fighting
 * Level 17.0 Long Blades
 + Level 11.8 Dodging
 - Level 1.5 Stealth
 + Level 5.3 Spellcasting
 - Level 3.9 Charms
 - Level 4.3 Necromancy
 * Level 8.0 Earth Magic
 + Level 8.9 Invocations


You had 16 spell levels left.
You knew the following spells:

 Your Spells              Type           Power        Failure   Level  Hunger
a - Regeneration          Chrm/Necr      ####......   10%         3    ##.....
b - Lee's Rapid Deconstr  Erth           ######....   17%         5    #####..

Your spell library contained the following spells:

 Spells                   Type           Power        Failure   Level  Hunger
 Animate Dead             Necr           N/A          28%         4    ####...
 Pain                     Necr           ####         3%          1    None
 Animate Skeleton         Necr           N/A          3%          1    None
 Vampiric Draining        Necr           ####......   10%         3    ##.....
 Stone Arrow              Conj/Erth      ####..       11%         3    ##.....
 Passwall                 Tmut/Erth      ####....     5%          2    None
 Sandblast                Erth           ######       1%          1    None
 Petrify                  Tmut/Erth      ####....     30%         4    ####...
 Shroud of Golubria       Chrm/Tloc      ###.......   12%         2    None
 Infusion                 Chrm           ####         4%          1    None
 Song of Slaying          Chrm           ####....     6%          2    None
 Spectral Weapon          Hex/Chrm       ###.....     22%         3    ##.....


Dungeon Overview and Level Annotations

Branches:
Dungeon (15/15)            Temple (1/1) D:7            Lair (0/6) D:10
    Orc (2/2) D:10            Elf (3/3) Orc:2        Vaults (0/5) D:14
 Depths: D:15

Altars:
Ashenzari
Cheibriados
Dithmenos
Makhleb
Nemelex Xobeh
Qazlal
Trog
Vehumet
Wu Jian
The Shining One
Beogh

Shops:
D:8 *%}[   Orc:2 ==[(

Annotations:
D:3 Terence
D:4 Dowan, Duvessa


Innate Abilities, Weirdness & Mutations

You reflexively headbutt those who attack you in melee.
You have a pair of horns on your head.
You are partially covered in slimy green scales. (AC +2)
You have supernaturally acute eyesight. (SInv)
You are agile. (Dex +2)
Your spells are a little harder to cast, but a little more powerful.


Message History

Increase (S)trength, (I)ntelligence, or (D)exterity?
You feel clever.
The halberd of flaming completely misses you.
You furiously retaliate!
You headbutt the halberd of flaming. You barely miss the halberd of flaming.
The halberd of flaming is lightly damaged.
The halberd of flaming hits you. The halberd of flaming burns you.
Unknown command.
You miss the halberd of flaming.
You headbutt the halberd of flaming, but do no damage.
The halberd of flaming is lightly damaged.
The halberd of flaming hits you!!
* * * LOW HITPOINT WARNING * * *
The halberd of flaming burns you.
* * * LOW HITPOINT WARNING * * *
Unknown command.
You miss the halberd of flaming. You headbutt the halberd of flaming!
The halberd of flaming is heavily damaged.
The halberd of flaming hits you!!
You die... .#'## ....... .).# e...... ...+ ....... ...# ....... .#'## eeee...

###.##
##(.....+
##.## ##.#
##.## ##(##
##.#######.#@#
##.#...#.###.#
##')..'## #.#
#.....# #.#
##...## #.#
#...# #.#
##### #.# ##


You could see a halberd of flaming.

Vanquished Creatures
  A deep elf sorcerer (Elf:1)
  An orc warlord (Orc:2)
  5 very ugly things (WizLab)
  The ghost of Zorot the Scorcher, a journeyman DEFE of Vehumet (D:15)
  A deep elf demonologist (Elf:3)
  Nessos (Orc:2)
  A hydra (D:11)
  5 dancing weapons
  2 centaur warriors
  7 two-headed ogres
  2 orc high priests
  5 deep elf knights
  An iron golem (WizLab)
  A fire crab (shapeshifter) (WizLab)
  A glowing orange brain (shapeshifter) (WizLab)
  4 deep elf archers
  A harpy (shapeshifter) (WizLab)
  A necromancer (D:14)
  18 deep elf magi
  2 cyclopes
  An orc sorcerer (Orc:2)
  A manticore (shapeshifter) (WizLab)
  2 orc knights
  6 ugly things
  A cyclops (shapeshifter) (WizLab)
  A guardian serpent (shapeshifter) (WizLab)
  An elephant (shapeshifter) (D:13)
  Psyche (D:9)
  A torpor snail (shapeshifter) (WizLab)
  A molten gargoyle (D:14)
  2 gargoyles (D:12)
  A komodo dragon (shapeshifter) (WizLab)
  3 yaktaurs (D:15)
  A kobold demonologist (D:10)
  A rime drake (shapeshifter) (WizLab)
  2 yaktaurs (shapeshifter) (WizLab)
  A jumping spider (shapeshifter) (WizLab)
  3 meliai (D:14)
  A wind drake (shapeshifter) (WizLab)
  A hornet (D:12)
  2 hornets (shapeshifter) (WizLab)
  5 trolls
  A snapping turtle (shapeshifter) (WizLab)
  A raiju (shapeshifter) (WizLab)
  7 large abominations (WizLab)
  A hippogriff (shapeshifter) (WizLab)
  An air elemental (Elf:3)
  A shadow (D:12)
  5 hippogriffs
  A water elemental (Elf:2)
  A wyvern (shapeshifter) (WizLab)
  A vampire (D:14)
  A wraith (D:12)
  15 yaks
  4 fire elementals
  7 hungry ghosts
  2 golden eyes (shapeshifter) (WizLab)
  3 humans (shapeshifter) (WizLab)
  3 steam dragons
  3 vampire mosquitoes
  An acid dragon (D:12)
  5 wargs
  A floating eye (shapeshifter) (WizLab)
  A water moccasin (D:12)
  3 black bears
  4 floating eyes (WizLab)
  3 ice beasts
  A sky beast (D:8)
  39 orc warriors
  A black bear (shapeshifter) (WizLab)
  4 boggarts (D:14)
  2 phantoms
  21 ogres
  A crocodile (D:11)
  15 centaurs
  6 small abominations (WizLab)
  3 big kobolds
  8 bullfrogs
  An earth elemental (Elf:2)
  4 water moccasin zombies
  2 scorpions
  16 wights
  A water moccasin skeleton (D:5)
  9 killer bees
  2 howler monkeys
  A howler monkey (shapeshifter) (D:14)
  An electric eel (Elf:3)
  A bullfrog zombie (D:11)
  5 lava snakes (D:14)
  4 crimson imps
  3 centaur zombies
  4 bullfrog skeletons
  2 jellies
  26 orc priests
  2 centaur skeletons
  2 hounds
  7 iguanas
  35 orc wizards
  10 worker ants
  5 big kobold zombies (Ossuary)
  2 mummies (Ossuary)
  A gnoll (D:7)
  10 adders
  2 shadow imps
  2 adder skeletons (D:4)
  5 adder zombies
  A worm (shapeshifter) (D:15)
  A worm (D:5)
  103 orcs
  A ball python (D:4)
  5 bats
  2 giant cockroaches
  A goblin (D:3)
  A hobgoblin (D:3)
  5 jackals
  4 quokkas
  A frilled lizard (D:4)
  7 gnoll zombies (Ossuary)
  2 hobgoblin zombies (Ossuary)
  17 kobolds
  5 kobold zombies (Ossuary)
  8 orc zombies (Ossuary)
  15 rats (D:3)
621 creatures vanquished.

Vanquished Creatures (others)
  A water elemental (Elf:1)
  An earth elemental (Elf:2)
  An orc (D:12)
3 creatures vanquished.

Grand Total: 624 creatures vanquished

Notes
Turn   | Place    | Note
-------+----------+-------------------------------------------
     0 | D:1      | 4thArraOfDagon the Minotaur Monk began the quest for the Orb.
     0 | D:1      | Reached XP level 1. HP: 19/19 MP: 0/0
   103 | D:3      | Reached skill level 4 in Long Blades
   103 | D:3      | Reached XP level 2. HP: 26/27 MP: 1/1
   171 | D:3      | Reached XP level 3. HP: 18/33 MP: 2/2
   245 | D:3      | Noticed Terence
   362 | D:4      | Noticed Duvessa
   362 | D:4      | Noticed Dowan
   473 | D:4      | Reached skill level 5 in Long Blades
   473 | D:4      | Reached XP level 4. HP: 22/41 MP: 3/3
   577 | D:5      | Entered Level 5 of the Dungeon
   577 | D:5      | Noticed a centaur
   601 | D:5      | Noticed a phantom
   610 | D:5      | Killed a centaur
   610 | D:5      | Reached XP level 5. HP: 32/47 MP: 4/4
   680 | D:5      | Reached skill level 6 in Long Blades
   737 | D:5      | Reached skill level 5 in Fighting
   741 | D:5      | Reached XP level 6. HP: 34/56 MP: 5/5
   851 | D:6      | Reached skill level 5 in Dodging
   882 | D:6      | Reached skill level 7 in Long Blades
   888 | D:6      | Reached XP level 7. HP: 45/62 MP: 6/6
   990 | D:7      | Noticed a two-headed ogre
  1028 | D:6      | Found an ornate altar of the Wu Jian Council.
  1035 | D:6      | Noticed a two-headed ogre
  1038 | D:6      | Noticed a hippogriff
  1040 | D:6      | Killed a two-headed ogre
  1040 | D:6      | Reached skill level 9 in Long Blades
  1040 | D:6      | Reached XP level 8. HP: 59/73 MP: 7/7
  1042 | D:6      | Killed a hippogriff
  1189 | D:7      | Found a staircase to the Ecumenical Temple.
  1196 | Temple   | Entered the Ecumenical Temple
  1223 | Temple   | Became a worshipper of Cheibriados the Contemplative
  1223 | Temple   | Reached * piety under Cheibriados
  1223 | Temple   | Reached ** piety under Cheibriados
  1268 | D:7      | Reached skill level 10 in Long Blades
  1327 | D:7      | Noticed a hippogriff
  1333 | D:7      | Killed a hippogriff
  1464 | D:7      | Found a sand-covered staircase.
  1478 | Ossuary  | Entered an ossuary
  1521 | Ossuary  | Reached XP level 9. HP: 58/81 MP: 8/8
  1526 | Ossuary  | Reached *** piety under Cheibriados
  1588 | Ossuary  | Reached skill level 1 in Invocations
  1773 | D:8      | Noticed a two-headed ogre
  1777 | D:8      | Reached skill level 11 in Long Blades
  1778 | D:8      | Killed a two-headed ogre
  1831 | D:8      | Found Leufoned's Food Emporium.
  1840 | D:8      | Reached **** piety under Cheibriados
  1897 | D:8      | Found Umedudgh's General Store.
  1935 | D:8      | Found Aguh's Antique Armour Shoppe.
  1941 | D:8      | Noticed a two-headed ogre
  1947 | D:8      | Killed a two-headed ogre
  1947 | D:8      | Reached skill level 12 in Long Blades
  1947 | D:8      | Reached XP level 10. HP: 91/91 MP: 11/11
  1969 | D:8      | Found Jallat's Gadget Shoppe.
  2077 | D:8      | Learned a level 3 spell: Regeneration
  2083 | D:8      | Learned a level 5 spell: Lee's Rapid Deconstruction
  2169 | D:9      | Noticed Psyche
  2174 | D:9      | Killed Psyche
  2290 | D:9      | Noticed a white ugly thing
  2299 | D:9      | HP: 2/91 [white ugly thing (28)]
  2303 | D:9      | Killed a white ugly thing
  2303 | D:9      | Reached skill level 1 in Charms
  2303 | D:9      | Reached skill level 1 in Necromancy
  2483 | D:10     | Entered Level 10 of the Dungeon
  2495 | D:10     | Noticed a two-headed ogre
  2500 | D:10     | Noticed a two-headed ogre
  2565 | D:10     | Noticed a deep elf mage
  2570 | D:10     | Killed a deep elf mage
  2570 | D:10     | Reached skill level 1 in Spellcasting
  2621 | D:10     | Killed a two-headed ogre
  2775 | D:9      | Reached XP level 11. HP: 63/99 MP: 13/13
  2930 | D:10     | Reached skill level 13 in Long Blades
  2956 | D:10     | Found a staircase to the Orcish Mines.
  2967 | D:10     | Reached ***** piety under Cheibriados
  3043 | D:10     | Found a bloodstained altar of Trog.
  3138 | D:10     | Reached skill level 10 in Fighting
  3192 | D:11     | Found an ornate altar of the Wu Jian Council.
  3204 | D:11     | Reached skill level 5 in Invocations
  3210 | D:11     | Noticed an eight-headed hydra
  3240 | D:10     | Found a staircase to the Lair.
  3352 | D:11     | Noticed a red ugly thing
  3365 | D:11     | Killed a red ugly thing
  3416 | D:11     | Reached ****** piety under Cheibriados
  3504 | D:11     | Noticed a four-headed hydra
  3522 | D:11     | Killed a four-headed hydra
  3573 | D:11     | Found a shattered altar of Ashenzari.
  3714 | D:12     | Got a pitted turquoise ring
  3715 | D:12     | Identified the ring "Ynuy" {rElec rN+} (You found it on level 12 of the Dungeon)
  3831 | D:12     | Reached XP level 12. HP: 107/107 MP: 15/15
  3935 | D:12     | Reached skill level 1 in Earth Magic
  3951 | D:13     | Reached skill level 14 in Long Blades
  4017 | D:14     | Noticed a two-headed ogre
  4022 | D:14     | Killed a two-headed ogre
  4061 | D:14     | Noticed a two-headed ogre
  4069 | D:14     | Killed a two-headed ogre
  4108 | D:14     | Noticed a two-headed ogre
  4112 | D:14     | Killed a two-headed ogre
  4112 | D:14     | Reached skill level 10 in Dodging
  4113 | D:14     | Noticed a centaur warrior
  4120 | D:14     | Killed a centaur warrior
  4333 | D:14     | Found a gate to the Vaults.
  4367 | D:14     | Found a burning altar of Makhleb.
  4429 | D:15     | Entered Level 15 of the Dungeon
  4440 | D:15     | Noticed Zorot's ghost (journeyman DEFE)
  4449 | D:15     | Noticed a centaur warrior
  4453 | D:15     | Killed Zorot's ghost
  4454 | D:15     | Killed a centaur warrior
  4542 | D:15     | Reached XP level 13. HP: 65/116 MP: 17/17
  4839 | Orc:1    | Entered Level 1 of the Orcish Mines
  4849 | Orc:1    | Reached skill level 15 in Long Blades
  5005 | Orc:2    | Entered Level 2 of the Orcish Mines
  5220 | Orc:2    | Found a staircase to the Elven Halls.
  5275 | Orc:1    | Reached skill level 5 in Earth Magic
  5412 | Orc:2    | Found a roughly hewn altar of Beogh.
  5416 | Orc:2    | Found Mackaon's Jewellery Shoppe.
  5498 | Orc:2    | Found a roughly hewn altar of Beogh.
  5508 | Orc:2    | Found Lidykh's Jewellery Boutique.
  5564 | Orc:2    | Noticed Nessos
  5566 | Orc:2    | Killed Nessos
  5600 | Orc:2    | Found a roughly hewn altar of Beogh.
  5670 | Orc:2    | Noticed an orc warlord
  5687 | Orc:2    | Killed an orc warlord
  5717 | Orc:2    | Found Pastup Waoc's Antique Armour Boutique.
  5719 | Orc:2    | Found a roughly hewn altar of Beogh.
  5725 | Orc:2    | Found Nuofuupt's Antique Weapon Shop.
  5736 | Orc:2    | Bought a pitted ring mail for 324 gold pieces
  5746 | Orc:2    | Identified the +4 ring mail of a bazaar {Dex+3 Stlth+} (You bought it in a shop on level 2 of the Orcish Mines)
  5842 | Elf:1    | Entered Level 1 of the Elven Halls
  5848 | Elf:1    | Noticed a deep elf sorcerer
  5852 | Elf:1    | Killed a deep elf sorcerer
  5887 | Elf:2    | Noticed a deep elf annihilator
  5938 | Elf:3    | Entered Level 3 of the Elven Halls
  5949 | Elf:3    | Reached XP level 14. HP: 92/126 MP: 10/19
  5960 | Elf:3    | Reached skill level 16 in Long Blades
  6145 | Elf:3    | Found a magical portal.
  6155 | WizLab   | Entered Cigotuvi's Fleshworks
  6166 | WizLab   | Noticed a white very ugly thing
  6181 | WizLab   | Noticed a white very ugly thing
  6189 | WizLab   | Killed a red very ugly thing
  6369 | WizLab   | p0werm0de: aye best wizlab
  6371 | WizLab   | p0werm0de: so lucky
  6375 | WizLab   | Reached skill level 5 in Spellcasting
  6422 | WizLab   | Got a fine wooden ring
  6426 | WizLab   | Identified the ring "Layrche" {+Fly rElec Str+4} (You found it in a wizard's laboratory)
  6443 | WizLab   | Noticed a cyan very ugly thing
  6443 | WizLab   | Noticed a brown very ugly thing
  6443 | WizLab   | Noticed a red very ugly thing
  6473 | WizLab   | Killed a brown very ugly thing
  6477 | WizLab   | Killed a brown very ugly thing
  6483 | WizLab   | Killed a green very ugly thing
  6724 | WizLab   | Noticed a purple very ugly thing
  6724 | WizLab   | Noticed Cigotuvi's Monster
  6735 | WizLab   | Killed a purple very ugly thing
  6845 | Elf:3    | Gained mutation: You do not regenerate when monsters are visible. [potion of mutation]
  6845 | Elf:3    | Gained mutation: You are clumsy. (Dex -2) [potion of mutation]
  6845 | Elf:3    | Gained mutation: You have a pair of large horns on your head. [potion of mutation]
  6846 | Elf:3    | Lost mutation: You have a pair of large horns on your head. [potion of mutation]
  6846 | Elf:3    | Lost mutation: You are clumsy. (Dex -2) [potion of mutation]
  6846 | Elf:3    | Lost mutation: You do not regenerate when monsters are visible. [potion of mutation]
  6846 | Elf:3    | Gained mutation: Your body sometimes deteriorates upon taking damage. [potion of mutation]
  6846 | Elf:3    | Gained mutation: You are partially covered in yellow scales. (AC +2) [potion of mutation]
  6847 | Elf:3    | Lost mutation: Your body sometimes deteriorates upon taking damage. [potion of mutation]
  6847 | Elf:3    | Lost mutation: You are partially covered in yellow scales. (AC +2) [potion of mutation]
  6847 | Elf:3    | Gained mutation: You are somewhat resistant to further mutation. [potion of mutation]
  6848 | Elf:3    | Lost mutation: You are somewhat resistant to further mutation. [potion of mutation]
  6848 | Elf:3    | Gained mutation: You have supernaturally acute eyesight. (SInv) [potion of mutation]
  6848 | Elf:3    | Gained mutation: You are partially covered in slimy green scales. (AC +2) [potion of mutation]
  6848 | Elf:3    | Gained mutation: Your spells are a little harder to cast, but a little more powerful. [potion of mutation]
  6848 | Elf:3    | Gained mutation: You are agile. (Dex +2) [potion of mutation]
  6939 | Elf:2    | Reached skill level 17 in Long Blades
  6976 | Elf:2    | Reached XP level 15. HP: 44/134 MP: 17/22
  6979 | Elf:2    | Slain by a halberd of flaming

Vault maps used:
D:1:      dpeg_arrival_tiny_f, hangedman_abyss_or_decor_lesser_grid
D:2:      kennysheep_minor_cross
D:3:      minmay_rat_hole, uniq_terence
D:4:      kennysheep_big_flooded_room, hangedman_decor_push, uniq_duvessa
D:5:      first_ration, feat_on_display
D:6:      lemuel_doored_altar, serial_shops, kennysheep_little_box, uniq_sigmund
D:7:      temple_green, nicolae_ossuary_entry_monument
D:8:      serial_shops, shop, shop_fountains, shop, kennysheep_mini,
          grunt_ogre_cave, led_sif_book
D:9:      cheibrodos_steamvent, uniq_psyche
D:10:     lair_entry_dummy, david_orc_3, basic_altar, kb_rosetta
D:11:     basic_altar, ashenzari_altar_1
D:12:     kennysheep_blocky_hall, serial_bayou_pond_e
D:14:     david_vaults_1, basic_altar, kennysheep_boxes
D:15:     hangedman_depths_entry_try_elsewhere_first, minmay_misc_feat_room,
          minivault_24
Temple:   minmay_crystal_snake_temple
Orc:2:    grunt_orc_community_town_hall, grunt_orc_community_big_house_1,
          grunt_orc_community_big_house_2, grunt_orc_community_house_3,
          grunt_orc_community_house_3, grunt_orc_community_house_1,
          grunt_orc_community_house_1, mines_bat_river, uniq_nessos
Elf:1:    minmay_elf_arrival_summoners, special_room, orc_legates
Elf:3:    minmay_elf_hall_four_x, infiniplex_enter_wizlab_glasses,
          minmay_misc_feat_ornament, minivault_11, grunt_ministairs_6
Ossuary:  ossuary_tomb_2
WizLab:   wizlab_cigotuvi

Skill      XL: |  1  2  3  4  5  6  7  8  9 10 11 12 13 14 |
---------------+-------------------------------------------+-----
Long Blades    | 4 5 6 7 9 10 12 13 14 15 17 | 17.0
Fighting       | 4 5 7 9 10 11 12 | 12.8
Dodging        | 4 5 6 7 8 9 10 11 | 11.8
Invocations    | 3 4 5 6 7 8 |  8.9
Charms         | 2 3 |  3.9
Necromancy     | 2 4 |  4.3
Spellcasting   | 1 2 3 4 5 |  5.3
Earth Magic    | 4 6 8 |  8.0
Stealth        | |  1.5

Action                   |  1- 3 |  4- 6 |  7- 9 | 10-12 | 13-15 || total
-------------------------+-------+-------+-------+-------+-------++-------
Melee: Falchion          |    63 |       |       |       |       ||    63
       Headbutt          |    13 |    10 |    45 |   139 |   152 ||   359
       Great sword       |     5 |    50 |   159 |   319 |   402 ||   935
       Unarmed           |       |       |       |    11 |       ||    11
Throw: Throwing net      |     1 |     2 |       |     1 |       ||     4
 Cast: Regeneration      |       |       |       |     2 |    39 ||    41
Invok: Temporal Distorti |       |       |       |     2 |     2 ||     4
       Slouch            |       |       |       |     7 |    21 ||    28
Evoke: Wand              |       |       |     6 |     1 |    10 ||    17
  Use: Scroll            |     3 |     4 |     4 |     5 |     4 ||    20
       Potion            |     2 |     1 |     1 |     2 |    10 ||    16
 Stab: Held in net/web   |       |     1 |       |     2 |       ||     3
       Paralysed         |       |       |     3 |     1 |       ||     4
       Sleeping          |       |       |       |     9 |     6 ||    15
       Distracted        |       |       |       |     1 |       ||     1
       Confused          |       |       |       |       |     1 ||     1
  Eat: Chunk             |       |       |    18 |     3 |     7 ||    28
       Ration            |       |       |       |       |     2 ||     2
Armor: Ring mail         |    38 |    16 |    32 |    30 |       ||   116
       Skin              |       |       |       |    44 |       ||    44
       Troll leather arm |       |       |       |    18 |    37 ||    55
Dodge: Dodged            |    59 |    37 |   118 |   333 |   370 ||   917
Block: Other             |       |       |       |     2 |       ||     2
       Rpst.: Falchion   |    18 |       |       |       |       ||    18
       Great sword       |     1 |     8 |    37 |    62 |    91 ||   199

Table legend:
 A = Spawn XP
 B = Non-spawn XP
 C = Spawn XP percentage of total XP
 D = Spawn monster count
 E = Non-spawn monster count
 F = Spawn count percentage of total count
 G = Total turns spent on level
                    A         B        C        D         E        F      G
               +---------+---------+-------+---------+---------+-------+---------
         Total |       0 |  103198 |   0.0 |       0 |     622 |   0.0 |  6979
               +---------+---------+-------+---------+---------+-------+---------
           D:1 |       0 |       5 |   0.0 |       0 |       3 |   0.0 |    77
           D:3 |       0 |      49 |   0.0 |       0 |      29 |   0.0 |   208
           D:4 |       0 |     104 |   0.0 |       0 |      11 |   0.0 |   291
           D:5 |       0 |     344 |   0.0 |       0 |       7 |   0.0 |   256
           D:6 |       0 |    1653 |   0.0 |       0 |      11 |   0.0 |   219
           D:7 |       0 |     828 |   0.0 |       0 |      19 |   0.0 |   479
           D:8 |       0 |    3187 |   0.0 |       0 |      27 |   0.0 |   408
           D:9 |       0 |    1891 |   0.0 |       0 |      15 |   0.0 |   469
          D:10 |       0 |    4507 |   0.0 |       0 |      45 |   0.0 |   607
          D:11 |       0 |    7096 |   0.0 |       0 |      62 |   0.0 |   452
          D:12 |       0 |    5843 |   0.0 |       0 |      45 |   0.0 |   361
          D:13 |       0 |    1360 |   0.0 |       0 |       5 |   0.0 |   172
          D:14 |       0 |    8414 |   0.0 |       0 |      33 |   0.0 |   450
          D:15 |       0 |    4597 |   0.0 |       0 |      16 |   0.0 |   159
         Orc:1 |       0 |    4470 |   0.0 |       0 |      52 |   0.0 |   281
         Orc:2 |       0 |   10264 |   0.0 |       0 |     110 |   0.0 |   722
         Elf:1 |       0 |    7713 |   0.0 |       0 |      11 |   0.0 |    61
         Elf:2 |       0 |    8370 |   0.0 |       0 |      15 |   0.0 |   124
         Elf:3 |       0 |    9186 |   0.0 |       0 |      18 |   0.0 |   274
       Ossuary |       0 |     445 |   0.0 |       0 |      35 |   0.0 |   171
        WizLab |       0 |   22872 |   0.0 |       0 |      53 |   0.0 |   678
               +---------+---------+-------+---------+---------+-------+---------
